 Dungeon Crawl Stone Soup version 0.26.0-10-g1f06aea511 (webtiles) character file.

Game seed: 5721174989588050880

74650 Dracia the Blocker (level 15, -14/98 HPs)
             Began as a Demonspawn Fighter on Jan 19, 2021.
             Was the Champion of Makhleb.
             Killed from afar by a crystal guardian (31 damage)
             ... with a crystal bolt
             ... on level 14 of the Dungeon.
             The game lasted 00:38:54 (24396 turns).

Dracia the Blocker (Demonspawn Fighter)            Turns: 24396, Time: 00:38:54

Health: -14/98     AC: 21    Str: 27    XL:     15   Next: 7%
Magic:  21/25      EV: 19    Int: 11    God:    Makhleb [******]
Gold:   1641       SH: 16    Dex: 13    Spells: 14/14 levels left

rFire    + + .     SeeInvis .   v - +8 flail of Sudden Death {flame, +Inv rF+ Stlth+}
rCold    . . .     Faith    .   c - +2 kite shield
rNeg     . . .     Spirit   .   T - +5 ring mail "Liajeit" {Regen+}
rPois    .         Reflect  .   J - +2 hat
rElec    .         Harm     .   L - +2 cloak {rF+}
rCorr    .         Rampage  .   U - +0 pair of gloves
Will     ++...                  (no boots)
Stlth    +.........             (no amulet)
HPRegen  0.66/turn              S - +6 ring of strength
MPRegen  0.19/turn              F - ring of willpower

@: mighty, agile, very slow
A: talons 1, thin metallic scales 2, foul stench 1, powered by pain 2, miasma
immunity
a: Renounce Religion, Evoke Invisibility, Minor Destruction, Lesser Servant of
Makhleb, Major Destruction, Greater Servant of Makhleb


You were on level 14 of the Dungeon.
You worshipped Makhleb.
Makhleb was exalted by your worship.
You visited 3 branches of the dungeon, and saw 21 of its levels.
You also visited: Volcano.

You collected 1641 gold pieces.


Innate Abilities, Weirdness & Mutations

You have sharp toenails.
You are mostly covered in thin metallic scales. (AC +3)
You may emit foul miasma when damaged in melee.
You sometimes gain power by taking damage.
You are immune to miasma.


   Skills:
 - Level 3.0 Fighting
 - Level 1.7 Short Blades
 - Level 14.0 Maces & Flails
 - Level 7.1 Armour
 - Level 6.5 Dodging
 + Level 14.8 Shields
 - Level 14.0 Invocations


You had 14 spell levels left.
You didn't know any spells.
Your spell library contained the following spells:

 Spells                   Type           Power        Failure   Level
 Apportation              Tloc           0%           45%         1
 Magic Dart               Conj           0%           45%         1
 Sting                    Tmut/Pois      0%           45%         1
 Ensorcelled Hibernation  Hex/Ice        0%           61%         2
 Poisonous Vapours        Pois/Air       0%           61%         2
 Searing Ray              Conj           0%           61%         2
 Dazzling Flash           Conj/Hex       0%           83%         3
 Ignite Poison            Fire/Tmut/Pois 0%           83%         3
 Lesser Beckoning         Tloc           0%           83%         3
 Mephitic Cloud           Conj/Pois/Air  0%           83%         3
 Tukima's Dance           Hex            0%           83%         3
 Fulminant Prism          Conj/Hex       0%           99%         4
 Iskenderun's Mystic Bla  Conj/Tloc      0%           99%         4
 Olgreb's Toxic Radiance  Pois           0%           99%         4
 Alistair's Intoxication  Tmut/Pois      0%           100%        5
 Borgnjor's Vile Clutch   Necr/Erth      0%           100%        5
 Silence                  Hex/Air        0%           100%        5
 Invisibility             Hex            0%           100%        6
 Shadow Creatures         Summ           N/A          100%        6

Inventory:

Hand Weapons
 v - the +8 flail of Sudden Death (weapon) {flame, +Inv rF+ Stlth+}
   (You found it on level 5 of the Dungeon)

   It has been specially enchanted to burn those struck by it, causing extra
   injury to most foes and up to half again as much damage against particularly
   susceptible opponents.
   It protects you from fire.
   It lets you turn invisible.
   It makes you more stealthy.
 V - a +2 demon trident of flaming
Armour
 c - a +2 kite shield (worn)
 J - a +2 hat (worn)
 L - a +2 cloak of fire resistance (worn)
 T - the +5 ring mail "Liajeit" (worn) {Regen+}
   (You found it on level 3 of the Lair of Beasts)

   It increases your rate of regeneration.
 U - a +0 pair of gloves (worn)
Jewellery
 y - a +6 ring of strength
 F - a ring of willpower (right hand)
 R - an uncursed ring of resist corrosion
 S - a +6 ring of strength (left hand)
Wands
 h - a wand of acid (24)
 w - a wand of polymorph (29)
 B - a wand of random effects (37)
 I - a wand of flame (59)
 K - a wand of iceblast (8)
 O - a wand of paralysis (11)
 Z - a wand of enslavement (10)
Scrolls
 a - 19 scrolls of identify {@r1@r1}
 b - 2 scrolls of enchant weapon
 g - 8 scrolls of teleportation {@r4@r4}
 j - 2 scrolls of fog
 r - 6 scrolls of magic mapping
 x - a scroll of enchant armour
 D - 7 scrolls of remove curse {@r2@r2}
 E - 4 scrolls of fear
 G - 2 scrolls of blinking
 P - 2 scrolls of amnesia
Potions
 d - 8 potions of might
 e - 2 potions of attraction
 f - 8 potions of curing {@q1@q1}
 k - 5 potions of brilliance
 l - 2 potions of mutation
 n - 5 potions of lignification
 o - 2 potions of berserk rage {!q!q}
 p - 4 potions of heal wounds {@q2@q2}
 t - 6 potions of resistance
 u - 4 potions of haste {@q3@q3}
 z - 3 potions of cancellation
 A - 6 potions of flight
 C - 4 potions of ambrosia
Miscellaneous
 M - a lightning rod (4/4)

Dungeon Overview and Level Annotations

Branches:
Dungeon (14/15)            Temple (1/1) D:7            Lair (6/6) D:8
  Swamp (0/4) Lair:2        Snake (0/4) Lair:3        Slime (0/5) Lair:6
    Orc (0/2) D:10         Vaults (0/5) D:13        Volcano (visited)

Altars:
Ashenzari
Cheibriados
Dithmenos
Elyvilon
Fedhas
Gozag
Hepliaklqana
Kikubaaqudgha
Makhleb
Nemelex Xobeh
Okawaru
Qazlal
Ru
Sif Muna
Trog
Uskayaw
Vehumet
Wu Jian
Xom
Yredelemnul
Zin
The Shining One

Shops:
D:7 }   D:9 [

Annotations:
D:14 exclusion: orange crystal statue

#....≈#!.$(.}...#≈..........
#....≈#(:!:$...$#≈..........
######....≈#.$..8..$.#≈........†.
..........≈#.$.$|.?..#≈..........
..........≈#)$.T/.".$#≈..........
.(...#####≈#$.^...$:/#≈..........
.....#...#≈#.?..8..$.#≈..........
.....#...#≈# ##8## #≈..........
.....#...'≈#####@#####≈###....###
.....#####≈≈≈≈≈≈○≈≈≈≈≈≈# #....#
#..........############# #....#
#.........#######################
'..........8.8.8.8.8.8.8.8.8.8.8.
##+#.............................
...#.......8.8.8.8.8.8.8.♣.♣.8.♣.
...#.############################
...#.#...#.............<..#


You could see an orange crystal statue, 2 crystal guardians and a troll
(summoned).


Message History

You bump into the translucent stone wall.
The orange crystal statue glitters.
Unknown command.
You are too confused!
You are too confused!
You bump into the translucent stone wall.
Unknown command.
You hit the crystal guardian but do no damage.
You claw the crystal guardian, but do no damage.
The crystal guardian hits you!!
You focus on the pain.
You feel agile all of a sudden.
Unknown command.
You bump into the translucent stone wall.
The crystal guardian hits you!!
* * * LOW HITPOINT WARNING * * *
You focus on the pain.
You feel very mighty all of a sudden.
The orange crystal statue fixes its piercing gaze on you.
You feel your power leaking away.
You bump into the translucent stone wall.
You feel less confused.
The crystal guardian fires a crystalline bolt at you.
The crystal bolt freezes the crystal guardian.
The crystal guardian completely resists.
The crystal bolt freezes you!!
* * * LOW HITPOINT WARNING * * *
You focus on the pain.
You feel mightier all of a sudden. The crystal bolt freezes you!!
You die...

Skill      XL: |  1  2  3  4  5  6  7  8  9 10 11 12 13 14 |
---------------+-------------------------------------------+-----
Shields        | 3 4 5 6 7 11 14 | 14.8
Armour         | 3 4 5 6 7 |  7.1
Dodging        | 1 2 3 4 6 |  6.5
Maces & Flails | 6 10 12 14 | 14.0
Invocations    | 1 7 12 14 | 14.0
Fighting       | |  3.0
Short Blades   | |  1.7

Action                   |  1- 3 |  4- 6 |  7- 9 | 10-12 | 13-15 || total
-------------------------+-------+-------+-------+-------+-------++-------
Melee: Rapier            |    17 |       |       |       |       ||    17
       Dagger            |    88 |   264 |    70 |       |       ||   422
       Kick              |       |       |    81 |   196 |   344 ||   621
       Flail             |       |       |   201 |   591 |  1199 ||  1991
Invok: Minor Destruction |       |       |       |     2 |       ||     2
       Lesser Servant of |       |       |       |       |     1 ||     1
       Greater Servant o |       |       |       |       |     1 ||     1
  Use: Scroll            |       |    13 |    11 |     9 |     4 ||    37
       Potion            |       |       |       |     2 |     5 ||     7
 Stab: Sleeping          |       |       |       |       |     5 ||     5
Armor: Scale mail        |    45 |    17 |       |       |       ||    62
       Plate armour      |       |   113 |   120 |   127 |       ||   360
       Ring mail         |       |       |       |    73 |   351 ||   424
Dodge: Dodged            |    32 |    42 |   101 |   196 |   535 ||   906
Block: Kite shield       |    47 |   101 |   187 |   385 |   901 ||  1621

Levels and vault maps discovered:
D:1:      minmay_arrival_pointy, layout_basic
D:2:      layout_basic, lemuel_round_altar, minmay_joined_circles
D:3:      layout_loops_cross
D:4:      layout_layer_cave, vehumet_crystals, old_standard_altar,
          grunt_decor_junction, tgw_kikubaaqudgha
D:5:      layout_gridville
D:6:      layout_loops_corners, minmay_starry_boxes
D:7:      layout_basic, minmay_temple_entry_statues_fountains, serial_shops,
          shop
D:8:      layout_gridville, lair_entry_dummy, lightli_corner_chamber,
          uniq_joseph
D:9:      layout_roguey, lemuel_doored_altar, serial_shops, shop, minivault_19,
          uniq_psyche
D:10:     layout_stronghold, orc_david_3
D:11:     layout_cave_pools
D:12:     layout_loops_ring
D:13:     layout_cave_pods, david_vaults_4, uniq_azrael, uniq_snorg
D:14:     layout_irregular_city, serial_park_square3
          [serial_park_minivault_5x5_4], chequers_avenue, minmay_crystal_box
Temple:   dpeg_five_rooms_temple
Lair:1:   layout_cellular_growth, gauntlet_entry_generic, minivault_23,
          uniq_gastronok
Lair:2:   layout_small_grid, swamp_mist, nicolae_quartered_pool_super,
          grunt_forest_small_clearings, lemuel_centaur_altar
Lair:3:   layout_cave_pods, dummy_snake_entry
Lair:4:   dpeg_oklob_gauntlet, layout_concentric_octagons, enter_volcano_2,
          uniq_nessos, uniq_josephine
Lair:5:   layout_gridlike, minmay_stone_trees_small, lemuel_fruit_fields
Lair:6:   minmay_lair_end_enchanted_forest, layout_loops_ring,
          nicolae_slime_entry_slimehenge

Notes
Turn   | Place    | Note
-------+----------+-------------------------------------------
     0 | D:1      | Dracia the Demonspawn Fighter began the quest for the Orb.
     0 | D:1      | Reached XP level 1. HP: 18/18 MP: 1/1
   643 | D:1      | Gained mutation: You are immune to miasma. [demonic
                  | ancestry]
   643 | D:1      | Reached XP level 2. HP: 24/24 MP: 2/2
   667 | D:1      | Reached skill level 3 in Shields
   701 | D:1      | Reached skill level 3 in Armour
   701 | D:1      | Reached skill level 1 in Dodging
   922 | D:2      | Found a snail-covered altar of Cheibriados.
  1040 | D:2      | Gained mutation: You sometimes gain a little power by
                  | taking damage. [demonic ancestry]
  1040 | D:2      | Reached XP level 3. HP: 29/29 MP: 3/3
  1450 | D:2      | Reached XP level 4. HP: 32/35 MP: 4/4
  1710 | D:2      | Reached skill level 2 in Dodging
  2546 | D:2      | Reached XP level 5. HP: 23/41 MP: 5/5
  2692 | D:3      | Reached skill level 4 in Shields
  2694 | D:3      | Reached skill level 4 in Armour
  3018 | D:3      | Reached XP level 6. HP: 47/47 MP: 6/6
  3173 | D:3      | Reached skill level 3 in Dodging
  3835 | D:4      | Found an ancient bone altar of Kikubaaqudgha.
  3835 | D:4      | Noticed a human
  3839 | D:4      | Killed a human
  4031 | D:4      | Found a shimmering blue altar of Sif Muna.
  4053 | D:4      | Found a radiant altar of Vehumet.
  4184 | D:4      | Gained mutation: You have sharp toenails. [demonic
                  | ancestry]
  4184 | D:4      | Reached XP level 7. HP: 40/52 MP: 7/7
  4621 | D:4      | Reached skill level 5 in Shields
  4674 | D:4      | Reached skill level 5 in Armour
  4674 | D:4      | Reached skill level 4 in Dodging
  5107 | D:5      | Entered Level 5 of the Dungeon
  5249 | D:5      | Got a steaming flail
  5249 | D:5      | Identified the +8 flail of Sudden Death {flame, +Inv rF+
                  | Stlth+} (You found it on level 5 of the Dungeon)
  6197 | D:6      | Gained mutation: You may emit foul miasma when damaged in
                  | melee. [demonic ancestry]
  6197 | D:6      | Reached XP level 8. HP: 50/58 MP: 8/8
  6206 | D:6      | Reached skill level 5 in Dodging
  6215 | D:6      | Reached skill level 6 in Armour
  6215 | D:6      | Reached skill level 6 in Shields
  6500 | D:6      | Reached skill level 6 in Dodging
  6613 | D:6      | Reached XP level 9. HP: 24/63 MP: 9/9
  7426 | D:6      | Reached skill level 7 in Shields
  7430 | D:6      | Reached skill level 7 in Armour
  7512 | D:6      | Identified a potion of resistance
  7808 | D:7      | Found a staircase to the Ecumenical Temple.
  7894 | D:7      | Found Yschot's Gadget Boutique.
  7959 | Temple   | Entered the Ecumenical Temple
  8185 | Temple   | Became a worshipper of Makhleb the Destroyer
  8285 | D:7      | Reached skill level 1 in Maces & Flails
  8493 | D:7      | Reached skill level 2 in Maces & Flails
  8960 | D:8      | Reached skill level 3 in Maces & Flails
  8965 | D:8      | Reached skill level 4 in Maces & Flails
  8983 | D:8      | Reached skill level 5 in Maces & Flails
  9215 | D:8      | Found a staircase to the Lair.
  9263 | D:8      | Noticed Joseph
  9271 | D:8      | Killed Joseph
  9272 | D:8      | Reached skill level 6 in Maces & Flails
  9426 | D:8      | Reached XP level 10. HP: 47/70 MP: 10/10
  9679 | D:8      | Reached * piety under Makhleb
  9954 | D:9      | Noticed Psyche
  9959 | D:9      | Killed Psyche
  9960 | D:9      | Reached skill level 7 in Maces & Flails
 10098 | D:9      | Found a glowing silver altar of Zin.
 10355 | D:9      | Found Rufeckio's Armour Boutique.
 10372 | D:9      | Reached skill level 8 in Maces & Flails
 10726 | D:9      | Reached skill level 9 in Maces & Flails
 10873 | D:10     | Entered Level 10 of the Dungeon
 11025 | D:10     | Reached ** piety under Makhleb
 11106 | D:10     | Found a staircase to the Orcish Mines.
 11282 | D:10     | Reached skill level 10 in Maces & Flails
 11601 | D:10     | Reached skill level 1 in Invocations
 11628 | D:10     | Gained mutation: You sometimes gain power by taking damage.
                  | [demonic ancestry]
 11628 | D:10     | Reached XP level 11. HP: 75/75 MP: 11/11
 11710 | D:10     | Reached skill level 2 in Invocations
 11784 | D:10     | Reached *** piety under Makhleb
 12102 | D:11     | Killed an unseen horror
 12103 | D:11     | Reached skill level 3 in Invocations
 12235 | Lair:1   | Entered Level 1 of the Lair of Beasts
 12235 | Lair:1   | Noticed Gastronok
 12252 | Lair:1   | Killed Gastronok
 12253 | Lair:1   | Reached skill level 11 in Maces & Flails
 12253 | Lair:1   | Reached skill level 4 in Invocations
 12325 | Lair:1   | Reached skill level 5 in Invocations
 12346 | Lair:1   | Got an iridescent hand axe
 12354 | Lair:1   | Identified the +9 hand axe of the Piercing Boar {vorpal,
                  | *Rage Str+4} (You found it on level 1 of the Lair of
                  | Beasts)
 12631 | Lair:1   | You fall into a shaft and drop 1 floor!
 12746 | Lair:2   | Found a staircase to the Swamp.
 13339 | Lair:2   | Reached skill level 6 in Invocations
 13385 | Lair:2   | Found a shadowy altar of Dithmenos.
 13419 | Lair:2   | Reached skill level 12 in Maces & Flails
 13836 | Lair:3   | Found a staircase to the Snake Pit.
 13868 | Lair:3   | Reached skill level 7 in Invocations
 13875 | Lair:3   | Got a distressingly furry ring mail
 13886 | Lair:3   | Identified the +5 ring mail "Liajeit" {Regen+} (You found
                  | it on level 3 of the Lair of Beasts)
 14075 | Lair:3   | Noticed a four-headed hydra
 14079 | Lair:3   | Killed a four-headed hydra
 14132 | Lair:3   | Reached XP level 12. HP: 81/81 MP: 17/17
 14153 | Lair:3   | Reached skill level 8 in Invocations
 15010 | Lair:4   | Found a dark tunnel.
 15018 | Volcano  | Entered a volcano
 15034 | Volcano  | Reached skill level 13 in Maces & Flails
 15113 | Volcano  | Reached **** piety under Makhleb
 15114 | Volcano  | Reached skill level 9 in Invocations
 15484 | Lair:4   | Noticed a seven-headed hydra
 15491 | Lair:4   | Killed a seven-headed hydra
 15769 | Lair:4   | Noticed Nessos
 15790 | Lair:4   | HP: 5/81 [Nessos (10)]
 15794 | Lair:4   | Killed Nessos
 15795 | Lair:4   | Reached skill level 10 in Invocations
 15800 | Lair:4   | Reached skill level 14 in Maces & Flails
 16531 | Lair:4   | Reached skill level 11 in Invocations
 17045 | Lair:5   | Reached skill level 12 in Invocations
 17050 | Lair:5   | Reached XP level 13. HP: 86/86 MP: 20/22
 17321 | Lair:5   | You fall into a shaft and drop 1 floor!
 17321 | Lair:6   | Entered Level 6 of the Lair of Beasts
 17333 | Lair:6   | Reached skill level 13 in Invocations
 17382 | Lair:6   | Reached skill level 14 in Invocations
 17422 | Lair:6   | Reached skill level 8 in Shields
 17551 | Lair:6   | Reached ***** piety under Makhleb
 17729 | Lair:6   | Found a staircase to the Slime Pits.
 17761 | Lair:6   | Reached skill level 9 in Shields
 17920 | Lair:6   | Reached skill level 10 in Shields
 18346 | Lair:6   | Reached skill level 11 in Shields
 18632 | Lair:6   | Gained mutation: You are partially covered in thin metallic
                  | scales. (AC +2) [demonic ancestry]
 18632 | Lair:6   | Reached XP level 14. HP: 43/93 MP: 24/24
 19424 | Lair:1   | You fall into a shaft and drop 1 floor!
 20679 | D:11     | Got a steaming war axe
 20681 | D:11     | Identified the +9 war axe "Naul" {elec, Str+2} (You found
                  | it on level 11 of the Dungeon)
 20940 | D:12     | Reached skill level 12 in Shields
 22091 | D:13     | Reached skill level 13 in Shields
 22095 | D:13     | Reached ****** piety under Makhleb
 22166 | D:13     | HP: 6/93 [iron troll (24)]
 22175 | D:13     | HP: 9/93 [ice dragon/blast of cold (24)]
 22201 | D:13     | Found a gate to the Vaults.
 22426 | D:13     | Noticed Azrael
 22458 | D:13     | Killed Azrael
 22764 | D:13     | Noticed Snorg
 22780 | D:13     | Killed Snorg
 23262 | D:14     | Reached skill level 14 in Shields
 23656 | D:13     | Gained mutation: You are mostly covered in thin metallic
                  | scales. (AC +3) [demonic ancestry]
 23656 | D:13     | Reached XP level 15. HP: 98/98 MP: 25/25
 24153 | D:14     | Found a runed translucent door.
 24396 | D:14     | Killed from afar by a crystal guardian

Vanquished Creatures
  Gastronok (Lair:1)
  Nessos (Lair:4)
  Azrael (D:13)
  Snorg (D:13)
  An ice dragon (D:13)
  2 boulder beetles (D:13)
  7 hydras
  A catoblepas (D:13)
  2 centaur warriors
  6 death yaks (Lair:6)
  3 two-headed ogres
  An iron troll (D:13)
  2 skeletal warriors (Volcano)
  An unseen horror (D:11)
  2 deep elf magi
  2 anaconda skeletons (Volcano)
  3 oklob plants (Lair:4)
  12 ugly things
  3 cyclopes
  2 manticores
  9 elephants
  4 black mambas
  16 cane toads
  A torpor snail (Lair:3)
  Joseph (D:8)
  Psyche (D:9)
  6 gargoyles
  3 centaur skeletons
  2 kobold demonologists (D:11)
  A freezing wraith (D:13)
  3 rime drakes
  10 komodo dragons
  11 polar bears
  2 trolls
  5 hornets
  5 blink frogs (Lair:3)
  4 slime creatures (D:14)
  3 dream sheep (Lair:6)
  An alligator skeleton (Volcano)
  2 flying skulls (Volcano)
  A vampire (D:10)
  12 spriggans (Lair:6)
  3 shadows
  3 wraiths
  A wyvern (Lair:6)
  A basilisk (shapeshifter) (D:13)
  34 yaks
  3 basilisks
  2 fire elementals (D:13)
  A steam dragon (D:13)
  2 soldier ants
  3 hell hounds (D:13)
  15 water moccasins
  7 ice beasts
  2 black bears
  2 eyes of draining
  5 sky beasts
  6 orc warriors
  5 ogres
  5 boggarts (Lair:6)
  3 phantoms
  A necrophage (D:8)
  16 wolves
  15 centaurs
  2 big kobolds
  18 bullfrogs
  A wyvern zombie (D:12)
  A water moccasin zombie (D:10)
  A wyvern skeleton (D:6)
  7 scorpions
  2 spriggan skeletons (Volcano)
  11 killer bees
  29 wights
  An electric eel (Lair:2)
  2 howler monkeys
  3 centaur zombies
  A quasit (D:8)
  9 orc priests
  3 bullfrog skeletons
  4 hounds
  7 jellies
  11 orc wizards
  3 iguanas
  10 worker ants
  A hound zombie (D:10)
  A worker ant zombie (D:11)
  7 gnolls (D:6)
  19 adders
  A shadow imp (D:10)
  2 ufetubi
  4 oozes
  3 adder skeletons
  6 worms
  3 dart slugs
  5 leopard geckos
  56 orcs
  A ball python (D:2)
  4 giant cockroaches
  8 goblins
  10 hobgoblins
  11 jackals
  4 quokkas
  9 bats
  13 frilled lizards
  A jackal skeleton (D:8)
  A jackal zombie (D:2)
  10 kobolds
  10 rats
608 creatures vanquished.

Vanquished Creatures (collateral kills)
  A wolf (Lair:6)
1 creature vanquished.

Vanquished Creatures (others)
  A flying skull (Volcano)
  A spriggan (Lair:6)
  A hell hound (D:13)
  A human (D:4)
  40 fungi
  50 plants
94 creatures vanquished.

Grand Total: 703 creatures vanquished

Table legend: (Time is in decaauts)
 A = Elapsed time spent in this place.
 B = Non-inter-level travel time spent in this place.
 C = Inter-level travel time spent in this place.
 D = Time resting spent in this place.
 E = Time spent auto-exploring this place.
 F = Levels seen in this place.
 G = Mean time per level.
                   A        B        C        D        E       F      G
               +--------+--------+--------+--------+--------+-----+--------+
         Total |  24149 |  22679 |   1470 |   3116 |  15626 |  22 | 1097.7 |
       Dungeon |  16314 |  15692 |    622 |   2184 |  10824 |  14 | 1165.3 |
        Temple |    261 |    194 |     67 |      0 |    193 |   1 |  261.0 |
          Lair |   7161 |   6381 |    780 |    932 |   4305 |   6 | 1193.5 |
       Volcano |    411 |    411 |      0 |      0 |    303 |   1 |  411.0 |
               +--------+--------+--------+--------+--------+-----+--------+

Top non-repeatable levels by time:
     D:2: 1920 daAuts
    D:13: 1757 daAuts
  Lair:6: 1621 daAuts
    D:10: 1570 daAuts
     D:6: 1492 daAuts
  Lair:4: 1408 daAuts
  Lair:2: 1340 daAuts
     D:4: 1320 daAuts
     D:7: 1162 daAuts
  Lair:3: 1120 daAuts
     D:8: 1072 daAuts
  Lair:1: 1056 daAuts
     D:9: 1030 daAuts
     D:5: 976 daAuts
     D:3: 955 daAuts

Table legend:
 A = Non-vault XP
 B = Vault XP
 C = Vault XP percentage of total XP
 D = Non-vault monster count
 E = Vault monster count
 F = Vault count percentage of total count
                 A         B        C        D         E       F
            +---------+---------+-------+---------+---------+-------
      Total |   79888 |   26756 |  25.1 |     495 |     115 |  18.9
            +---------+---------+-------+---------+---------+-------
        D:1 |      33 |       0 |   0.0 |      23 |       0 |   0.0
        D:2 |     178 |      39 |  18.0 |      46 |      13 |  22.0
        D:3 |     331 |       0 |   0.0 |      33 |       0 |   0.0
        D:4 |     399 |       0 |   0.0 |      14 |       0 |   0.0
        D:5 |     254 |       0 |   0.0 |       3 |       0 |   0.0
        D:6 |    1515 |     498 |  24.7 |      25 |       6 |  19.4
        D:7 |     738 |       0 |   0.0 |      15 |       0 |   0.0
        D:8 |    1532 |     423 |  21.6 |      26 |       1 |   3.7
        D:9 |    2017 |     410 |  16.9 |      27 |       1 |   3.6
       D:10 |    4686 |     148 |   3.1 |      56 |       7 |  11.1
       D:11 |    4263 |       0 |   0.0 |      28 |       0 |   0.0
       D:12 |    3910 |       0 |   0.0 |      18 |       0 |   0.0
       D:13 |   12229 |    5267 |  30.1 |      41 |      11 |  21.2
       D:14 |   12651 |     643 |   4.8 |      44 |       4 |   8.3
     Lair:1 |    1728 |    2193 |  55.9 |       6 |       1 |  14.3
     Lair:2 |    1514 |     456 |  23.1 |       7 |       4 |  36.4
     Lair:3 |    6227 |       0 |   0.0 |      23 |       0 |   0.0
     Lair:4 |    3097 |    2964 |  48.9 |       9 |       4 |  30.8
     Lair:5 |    5519 |       0 |   0.0 |      17 |       0 |   0.0
     Lair:6 |   17067 |    8855 |  34.2 |      34 |      51 |  60.0
    Volcano |       0 |    4860 | 100.0 |       0 |      12 | 100.0
            +---------+---------+-------+---------+---------+-------
